 Dungeon Crawl Stone Soup version 0.26-a0-651-gb41185065b (webtiles) character file.

Game seed: 8233961344657219465

345 dtynewydd the Vexing (level 6, -13/47 HPs)
             Began as a Gnoll Arcane Marksman on Sept 29, 2020.
             Mangled by Menkaure (18 damage)
             ... on level 4 of the Dungeon.
             The game lasted 00:21:15 (3800 turns).

dtynewydd the Vexing (Gnoll Arcane Marksman)        Turns: 3800, Time: 00:21:16

Health: -13/47     AC:  3    Str: 12 (13) XL:     6   Next: 58%
Magic:  10/11      EV: 15    Int: 14 (15) God:
Gold:   160        SH:  0    Dex: 14 (17) Spells: 8/11 levels left

rFire    . . .     SeeInvis .   f - +0 short sword
rCold    . . .     Faith    .   (no shield)
rNeg     . . .     Spirit   .   p - +0 robe
rPois    .         Reflect  .   (no helmet)
rElec    .         Harm     .   (no cloak)
rCorr    +         Rampage  .   n - +0 pair of gloves
MR       .....                  (no boots)
Stlth    ++........             s - amulet of regeneration
HPRegen  0.55/turn              q - ring of resist corrosion
MPRegen  0.12/turn              (no ring)

@: no status effects
A: distributed training, fangs 1, strong nose
a: no special abilities


You were on level 4 of the Dungeon.
You visited 1 branch of the dungeon, and saw 5 of its levels.

You collected 160 gold pieces.

Inventory:

Hand Weapons
 a - a +0 hand crossbow
 f - a +0 short sword (weapon)
Missiles
 d - 3 bolts
Armour
 c - a +0 chain mail
 e - a +0 robe
 n - a +0 pair of gloves (worn)
 p - a +0 robe (worn)
Jewellery
 q - a ring of resist corrosion (left hand)
 s - an amulet of regeneration (around neck)
Wands
 m - a wand of polymorph (11)
Scrolls
 b - 2 scrolls of identify {unknown}
 g - a scroll of magic mapping {unknown}
 h - 3 scrolls of teleportation
 i - a scroll of amnesia {unknown}
 j - 2 scrolls of remove curse
 l - a scroll of enchant weapon {unknown}
 r - a scroll of fear {unknown}
Potions
 o - a potion of brilliance


   Skills:
 + Level 3.3 Fighting
 + Level 2.0 Short Blades
 + Level 2.0 Long Blades
 + Level 2.0 Axes
 + Level 2.0 Maces & Flails
 + Level 2.0 Polearms
 + Level 2.0 Staves
 + Level 2.0 Slings
 + Level 2.0 Bows
 + Level 5.0 Crossbows
 + Level 2.0 Throwing
 + Level 2.0 Armour
 + Level 5.0 Dodging
 + Level 2.0 Stealth
 + Level 2.0 Shields
 + Level 2.0 Unarmed Combat
 + Level 3.4 Spellcasting
 + Level 1.6 Conjurations
 + Level 5.7 Hexes
 + Level 1.6 Summonings
 + Level 1.6 Necromancy
 + Level 1.6 Translocations
 + Level 1.6 Transmutations
 + Level 1.6 Fire Magic
 + Level 1.6 Ice Magic
 + Level 1.6 Air Magic
 + Level 1.6 Earth Magic
 + Level 1.6 Poison Magic
 + Level 2.2 Invocations
 + Level 2.0 Evocations


You had 8 spell levels left.
You knew the following spells:

 Your Spells              Type           Power        Failure   Level
a - Corona                Hex            ###....      1%          1
b - Slow                  Hex            ###.....     3%          2

Your spell library contained the following spells:

 Spells                   Type           Power        Failure   Level
 Inner Flame              Hex/Fire       ##......     14%         3
 Portal Projectile        Hex/Tloc       ##....       14%         3
 Cause Fear               Hex            ###.......   21%         4
 Leda's Liquefaction      Hex/Erth       ##........   41%         4


Dungeon Overview and Level Annotations

Branches:
Dungeon (5/15)
 Temple: D:4-7

Altars:
Hepliaklqana
Kikubaaqudgha
Makhleb
Ru
Sif Muna

Annotations:
D:4 Ijyb, Menkaure


Innate Abilities, Weirdness & Mutations

Your experience applies equally to all skills.
You have very sharp teeth.
Your uncanny sense of smell can sniff out nearby items.


Message History

Ijyb is severely wounded.
You hit Ijyb.
Ijyb is severely wounded.
Menkaure calls on the powers of darkness!
Ijyb convulses!
Your body is wracked with pain!
* * * LOW HITPOINT WARNING * * *
Ijyb completely misses you.
You hit Ijyb but do no damage.
Ijyb is almost dead.
Menkaure closely misses you.
You hit Ijyb but do no damage. You bite Ijyb, but do no damage.
Ijyb is almost dead.
Ijyb hits you with a +0 quarterstaff!
* * * LOW HITPOINT WARNING * * *
Menkaure hits you.
* * * LOW HITPOINT WARNING * * *
You hit Ijyb but do no damage.
Ijyb is almost dead.
Menkaure hits you!!
You die...

.........)..# .....
#...........# .....#
..........## ......#
#####.........## .......
#...#..........#
.....#####.............
#.....................
...##..#.................
.......g@...#####........
.......M##### ##..#....
..........## # #..#....
.......##...##. #...#...
....... #.....###.......
........##....#.#........
..
#.......#......#..####...
.# #.........#...#..##
##.. .##. ......#....##
##.


You could see Ijyb (slow) and Menkaure (fast).

Vanquished Creatures
  A phantom (D:4)
  A howler monkey (D:4)
  A bullfrog skeleton (D:4)
  A worker ant (D:4)
  6 gnolls (D:2)
  3 adders
  An ooze (D:1)
  A worm (D:3)
  A dart slug (D:1)
  4 leopard geckos
  2 orcs
  A giant cockroach (D:1)
  4 goblins
  6 hobgoblins
  6 jackals (D:1)
  2 ball pythons
  12 bats
  7 frilled lizards
  7 kobolds
  A quokka skeleton (D:4)
  12 rats
80 creatures vanquished.

Notes
Turn   | Place    | Note
-------+----------+-------------------------------------------
     0 | D:1      | dtynewydd the Gnoll Arcane Marksman began the quest for the
                  | Orb.
     0 | D:1      | Reached XP level 1. HP: 17/17 MP: 4/4
   134 | D:1      | Reached XP level 2. HP: 23/23 MP: 3/5
   485 | D:1      | Reached XP level 3. HP: 28/28 MP: 5/7
  1069 | D:2      | Reached skill level 1 in Invocations
  1144 | D:2      | Reached skill level 1 in Short Blades
  1144 | D:2      | Reached skill level 1 in Long Blades
  1144 | D:2      | Reached skill level 1 in Axes
  1144 | D:2      | Reached skill level 1 in Maces & Flails
  1144 | D:2      | Reached skill level 1 in Polearms
  1144 | D:2      | Reached skill level 1 in Staves
  1144 | D:2      | Reached skill level 1 in Slings
  1144 | D:2      | Reached skill level 1 in Bows
  1144 | D:2      | Reached skill level 1 in Throwing
  1144 | D:2      | Reached skill level 1 in Armour
  1144 | D:2      | Reached skill level 1 in Stealth
  1144 | D:2      | Reached skill level 1 in Shields
  1144 | D:2      | Reached skill level 1 in Unarmed Combat
  1144 | D:2      | Reached skill level 1 in Evocations
  1241 | D:2      | Learned a level 2 spell: Slow
  1386 | D:2      | Reached XP level 4. HP: 34/34 MP: 5/8
  1485 | D:2      | Found a sacrificial altar of Ru.
  1618 | D:2      | Found a burning altar of Makhleb.
  1821 | D:2      | Reached skill level 1 in Conjurations
  1821 | D:2      | Reached skill level 1 in Summonings
  1821 | D:2      | Reached skill level 1 in Necromancy
  1821 | D:2      | Reached skill level 1 in Translocations
  1821 | D:2      | Reached skill level 1 in Transmutations
  1821 | D:2      | Reached skill level 1 in Fire Magic
  1821 | D:2      | Reached skill level 1 in Ice Magic
  1821 | D:2      | Reached skill level 1 in Air Magic
  1821 | D:2      | Reached skill level 1 in Earth Magic
  1821 | D:2      | Reached skill level 1 in Poison Magic
  2201 | D:2      | Found a shimmering blue altar of Sif Muna.
  2339 | D:2      | Reached XP level 5. HP: 40/40 MP: 9/9
  2452 | D:3      | Found an ancient bone altar of Kikubaaqudgha.
  3070 | D:3      | Found a hazy altar of Hepliaklqana.
  3357 | D:4      | Noticed a phantom
  3394 | D:4      | Killed a phantom
  3394 | D:4      | Reached XP level 6. HP: 47/47 MP: 9/11
  3416 | D:4      | Noticed Menkaure
  3423 | D:5      | Entered Level 5 of the Dungeon
  3486 | D:4      | Reached skill level 5 in Crossbows
  3486 | D:4      | Reached skill level 5 in Dodging
  3779 | D:4      | Noticed Ijyb
  3800 | D:4      | Mangled by Menkaure

Illustrated notes

Levels and vault maps discovered:
D:1:      heliophobic_arrival_dark_side_of_the_moon, layout_basic, minivault_23
D:2:      minmay_spotlight, layout_basic, led_sif_pool, lemuel_doored_altar,
          nicolae_ru_path_of_blood
D:3:      layout_basic, lemuel_crystal_altar, nicolae_overflow_hidden_temple
D:4:      layout_layer_cave, uniq_ijyb, uniq_menkaure
D:5:      layout_basic, old_standard_altar, zin_angel, uniq_edmund,
          uniq_duvessa, uniq_prince_ribbit1

Skill      XL: |  1  2  3  4  5  6 |
---------------+-------------------+-----
Invocations    | 1 2 |  2.2
Short Blades   | 1 2 |  2.0
Long Blades    | 1 2 |  2.0
Axes           | 1 2 |  2.0
Maces & Flails | 1 2 |  2.0
Polearms       | 1 2 |  2.0
Staves         | 1 2 |  2.0
Slings         | 1 2 |  2.0
Bows           | 1 2 |  2.0
Throwing       | 1 2 |  2.0
Armour         | 1 2 |  2.0
Stealth        | 1 2 |  2.0
Shields        | 1 2 |  2.0
Unarmed Combat | 1 2 |  2.0
Evocations     | 1 2 |  2.0
Spellcasting   | 3 |  3.4
Conjurations   | 1 |  1.6
Summonings     | 1 |  1.6
Necromancy     | 1 |  1.6
Translocations | 1 |  1.6
Transmutations | 1 |  1.6
Fire Magic     | 1 |  1.6
Ice Magic      | 1 |  1.6
Air Magic      | 1 |  1.6
Earth Magic    | 1 |  1.6
Poison Magic   | 1 |  1.6
Fighting       | 3 |  3.3
Crossbows      | 5 |  5.0
Dodging        | 5 |  5.0
Hexes          | |  5.7

Action                   |  1- 3 |  4- 6 || total
-------------------------+-------+-------++-------
Melee: Short sword       |       |    56 ||    56
       Bite              |       |     6 ||     6
 Fire: Hand crossbow     |    80 |    84 ||   164
 Cast: Corona            |    24 |    10 ||    34
       Slow              |       |     8 ||     8
  Use: Scroll            |     1 |     1 ||     2
       Potion            |       |     4 ||     4
Armor: Robe              |     1 |    13 ||    14
Dodge: Dodged            |    14 |    67 ||    81

Table legend: (Time is in decaauts)
 A = Elapsed time spent in this place.
 B = Non-inter-level travel time spent in this place.
 C = Inter-level travel time spent in this place.
 D = Time resting spent in this place.
 E = Time spent auto-exploring this place.
 F = Levels seen in this place.
 G = Mean time per level.
                   A        B        C        D        E       F      G
               +--------+--------+--------+--------+--------+-----+--------+
         Total |   3829 |   3716 |    113 |     68 |   2932 |   5 |  765.8 |
       Dungeon |   3829 |   3716 |    113 |     68 |   2932 |   5 |  765.8 |
               +--------+--------+--------+--------+--------+-----+--------+

Top non-repeatable levels by time:
     D:2: 1532 daAuts
     D:1: 940 daAuts
     D:3: 904 daAuts
     D:4: 420 daAuts
     D:5: 32 daAuts
